 Dungeon Crawl Stone Soup version 0.26-a0-30-g56b8cd3df0 (webtiles) character file.

Game seed: 14014715353229879206, levelgen mode: deterministic

37 vurker the Gusty (level 3, 0/20 HPs)
             Began as a Tengu Air Elementalist on May 29, 2020.
             Was an Initiate of Vehumet.
             Slain by a worker ant (2 damage)
             ... on level 2 of the Dungeon.
             The game lasted 00:02:19 (1540 turns).

vurker the Gusty (Tengu Air Elementalist)           Turns: 1540, Time: 00:02:20

Health: 0/20       AC:  5    Str:  6 (8)  XL:     3   Next: 39%
Magic:  0/7        EV: 12    Int: 14 (16) God:    Vehumet [......]
Gold:   86         SH:  5    Dex: 12 (14) Spells: 6/7 levels left

rFire    . . .     SeeInvis .   b - +0 dagger
rCold    . . .     Gourm    .   (no shield)
rNeg     . . .     Faith    .   a - +0 robe
rPois    .         Spirit   .   (helmet restricted)
rElec    .         Reflect  +   (no cloak)
rCorr    .         Harm     .   k - +2 pair of gloves
MR       .....                  (boots unavailable)
Stlth    ++........             h - amulet of reflection
HPRegen  0.06/turn              (no ring)
MPRegen  0.10/turn              (no ring)

@: brilliant, lethally poisoned (0 -> -6), stab, very slightly contaminated
A: beak, talons 3
a: Renounce Religion


You were on level 2 of the Dungeon.
You worshipped Vehumet.
Vehumet was noncommittal.
You were hungry.

You visited 1 branch of the dungeon, and saw 2 of its levels.

You collected 86 gold pieces.

Inventory:

Hand Weapons
 b - a +0 dagger (weapon)
   (You took it off a kobold on level 1 of the Dungeon)
Armour
 a - a +0 robe (worn)
 d - a +0 pair of gloves
   (You found it on level 1 of the Dungeon)
 k - a +2 pair of gloves (worn)
   (You found it on level 2 of the Dungeon)
Jewellery
 h - an amulet of reflection (around neck)
   (You found it on level 1 of the Dungeon)
Scrolls
 c - a scroll of remove curse {unknown}
 g - 3 scrolls of identify {unknown}
 i - a scroll of fear {unknown}
Potions
 j - a potion of brilliance
Comestibles
 e - 2 rations
 n - a chunk of flesh


   Skills:
 + Level 1.0 Fighting
 - Level 2.1 Dodging
 - Level 2.0 Stealth
 * Level 2.5 Spellcasting
 + Level 2.1 Conjurations
 * Level 4.6 Air Magic


You had 6 spell levels left.
You knew the following spells:

 Your Spells              Type           Power        Failure   Level  Hunger
a - Shock                 Conj/Air       ###.         5%          1    None

Your spell library contained the following spells:

 Spells                   Type           Power        Failure   Level  Hunger
 Swiftness                Chrm/Air       ##......     13%         2    None
 Static Discharge         Conj/Air       ###.....     17%         3    None
 Airstrike                Air            ###.......   32%         4    None
 Lightning Bolt           Conj/Air       ###.......   83%         5    None


Dungeon Overview and Level Annotations

Branches:
Dungeon (2/15)

Altars:
Vehumet
Zin


Innate Abilities, Weirdness & Mutations

You have a beak for a mouth.
You have claws for feet.


Message History

You miscast Shock.
You are very lightly contaminated with residual magic.
Nothing appears to happen.
You feel sick. The worker ant bites you.
Aim: a worker ant (severely wounded)
You miscast Shock.
Nothing appears to happen.
The worker ant misses you. You block the worker ant's attack.
You don't have enough magic to cast that spell.
You feel sick.
You see here a ring mail.
You hit the worker ant but do no damage.
You claw the worker ant, but do no damage.
The worker ant bites you but does no damage.
You hit the worker ant but do no damage.
You claw the worker ant. The worker ant barely misses you.
You miscast Shock.
Nothing appears to happen.
You feel sick. The worker ant barely misses you.
You hit the worker ant but do no damage.
You peck the worker ant, but do no damage.
The worker ant misses you. You block the worker ant's attack.
You completely miss the worker ant.
You claw the worker ant, but do no damage.
The worker ant bites you!
* * * LOW HITPOINT WARNING * * *
It was a potion of brilliance.
You feel clever all of a sudden.
* * * LOW HITPOINT WARNING * * *
You feel sick. The worker ant misses you.
It was a potion of curing.
You feel better. The worker ant bites you.
* * * LOW HITPOINT WARNING * * *
The worker ant barely misses you. The worker ant bites you.
* * * LOW HITPOINT WARNING * * *
You are lethally poisoned!
The worker ant poisons you!
Aim: a worker ant (severely wounded)
You feel a surge of power!
The zap hits the worker ant.
* * * LOW HITPOINT WARNING * * *
You feel sick. The worker ant barely misses you.
You hit the worker ant but do no damage.
You peck the worker ant, but do no damage.
The worker ant barely misses you.
It was a potion of stabbing.
You feel ready to backstab.
* * * LOW HITPOINT WARNING * * *
You feel sick. The worker ant barely misses you.
It was a potion of degeneration.
There was something very wrong with that liquid.
You feel weakened.
You feel dopey.
You feel clumsy. The worker ant bites you.
You die...

# #. #. ##.###
####....######################
........[...a@................
######.######################
#........ #########


You could see a worker ant.

Vanquished Creatures
  A worm (D:2)
  3 leopard geckos
  A giant cockroach (D:1)
  2 goblins (D:1)
  2 hobgoblins
  3 jackals (D:1)
  4 bats
  3 frilled lizards
  5 kobolds
  5 rats
29 creatures vanquished.

Notes
Turn   | Place    | Note
-------+----------+-------------------------------------------
     0 | D:1      | vurker the Tengu Air Elementalist began the quest for the
                  | Orb.
     0 | D:1      | Reached XP level 1. HP: 10/10 MP: 4/4
   190 | D:1      | Reached XP level 2. HP: 15/15 MP: 3/6
   269 | D:1      | You fall into a shaft and drop 1 floor!
   723 | D:1      | Reached XP level 3. HP: 20/20 MP: 2/7
  1078 | D:2      | Found a radiant altar of Vehumet.
  1109 | D:2      | Became a worshipper of Vehumet
  1124 | D:2      | Reached skill level 1 in Fighting
  1357 | D:2      | Found a glowing silver altar of Zin.
  1540 | D:2      | Slain by a worker ant

Illustrated notes

Levels and vault maps discovered:
D:1:      zelgadis_glass_arrival_small, layout_basic
D:2:      layout_basic, vehumet_crystals, zin_academy

Skill      XL: |  1  2  3 |
---------------+----------+-----
Conjurations   | 2 |  2.1
Fighting       | 1 |  1.0
Dodging        | |  2.1
Stealth        | |  2.0
Spellcasting   | |  2.5
Air Magic      | |  4.6

Action                   || total
-------------------------++-------
Melee: Dagger            ||    21
       Kick              ||     8
       Peck              ||     4
 Cast: Shock             ||    59
  Use: Potion            ||     4
  Eat: Chunk             ||     2
Armor: Robe              ||     4
Dodge: Dodged            ||    20
Block: Other             ||     7

Table legend:
 A = Non-vault XP
 B = Vault XP
 C = Vault XP percentage of total XP
 D = Non-vault monster count
 E = Vault monster count
 F = Vault count percentage of total count
                 A         B        C        D         E       F
            +---------+---------+-------+---------+---------+-------
      Total |      53 |       0 |   0.0 |      29 |       0 |   0.0
            +---------+---------+-------+---------+---------+-------
        D:1 |      33 |       0 |   0.0 |      18 |       0 |   0.0
        D:2 |      20 |       0 |   0.0 |      11 |       0 |   0.0
            +---------+---------+-------+---------+---------+-------
